Map: Disco Bloodbath LE

Players

Bistork

  • Race: Protoss Protoss
  • Spawn Location: 3:00

TIME (Oliveira) - Winner!

  • Race: Terran Terran
  • League: Master
  • Spawn Location: 9:00

Event: NationWars 2019

VOD

Have the link to the VOD?

Description

Time

  • Played on: Oct. 3, 2019, 11:39 a.m.
  • Length: 7:33
Show
View Real Time Build Order
Export as new Build Order

Bistork Protoss 

Build Orders: 1 Gate Expand, Phoenix Opening, Colossus Rush 

Get SALT Encoding   

  12  0:00  Probe  
  13  0:13  Probe  
  14  0:18  Pylon  
  14  0:25  Probe (Chrono Boost)  
  15  0:37  Probe (Chrono Boost)  
  15  0:40  Gateway  
  16  0:44  Probe (Chrono Boost)  
  16  0:46  Assimilator  
  17  0:52  Probe  
  18  1:04  Probe  
  19  1:16  Probe  
  20  1:22  Nexus  
  20  1:33  Cybernetics Core  
  20  1:36  Probe  
  21  1:41  Assimilator  
  21  1:48  Probe  
  21  1:52  Pylon  
  22  2:00  Probe  
  23  2:07  Adept (Chrono Boost)  
  23  2:12  Probe  
  26  2:17  Warp Gate  
  26  2:24  Probe (Chrono Boost)  
  26  2:27  Stargate  
  27  2:31  Stalker (Chrono Boost)  
  27  2:36  Probe (Chrono Boost)  
  31  2:42  Probe (Chrono Boost)  
  31  2:45  Probe (Chrono Boost)  
  31  2:49  Probe (Chrono Boost)  
  31  2:50  Probe (Chrono Boost)  
  34  3:01  Probe  
  34  3:02  Probe  
  36  3:12  Phoenix (Chrono Boost)  
  38  3:13  Probe  
  38  3:14  Probe  
  40  3:23  Pylon  
  40  3:25  Probe  
  40  3:26  Probe  
  42  3:30  Phoenix (Chrono Boost)  
  44  3:37  Probe  
  44  3:39  Probe  
  44  3:40  Robotics Facility  
  46  3:41  Assimilator  
  46  3:45  Assimilator  
  46  3:49  Probe  
  46  3:51  Probe  
  46  3:52  Phoenix (Chrono Boost)  
  46  3:53  Pylon  
  50  4:01  Probe  
  51  4:04  Probe  
  51  4:07  Gateway  
  51  4:09  Gateway  
  52  4:10  Phoenix  
  52  4:13  Probe  
  52  4:17  Probe  
  56  4:23  Pylon  
  56  4:25  Probe  
  56  4:29  Probe  
  58  4:32  Observer, Robotics Bay  
  58  4:37  Probe  
  58  4:41  Probe  
  59  4:48  Phoenix (Chrono Boost)  
  61  4:53  Nexus  
  61  4:54  Stalker  
  63  5:00  Pylon  
  63  5:03  Probe  
  63  5:04  Phoenix (Chrono Boost)  
  63  5:06  Immortal (Chrono Boost)  
  66  5:13  Pylon  
  70  5:27  Extended Thermal Lance (Chrono Boost)  
  70  5:33  Gateway  
  70  5:34  Sentry  
  70  5:35  Gateway, Sentry  
  74  5:39  Gateway  
  74  5:53  Phoenix  
  72  5:58  Colossus (Chrono Boost)  
  78  6:07  Pylon, Probe x2, Gateway  
  78  6:08  Probe  
  78  6:10  Gateway  
  81  6:18  Shield Battery  
  81  6:19  Probe x2  
  81  6:22  Phoenix  
  81  6:24  Sentry  
  81  6:25  Zealot x2  
  90  6:43  Colossus (Chrono Boost)  
  90  6:45  Zealot x3  
  102  6:53  Pylon  
  102  6:55  Pylon  
  102  6:58  Pylon  
  102  7:08  Stalker x6  
Show
View Real Time Build Order
Export as new Build Order

TIME Terran - Winner!

Build Orders:  

Get SALT Encoding   

  12  0:00  SCV  
  13  0:13  SCV  
  14  0:17  Supply Depot  
  14  0:25  SCV  
  15  0:38  SCV  
  15  0:41  Barracks  
  16  0:44  Refinery  
  16  0:50  SCV  
  17  1:03  SCV  
  18  1:15  SCV  
  19  1:28  Orbital Command, Marine  
  20  1:38  Command Center  
  20  1:46  Barracks Reactor  
  20  1:52  Supply Depot  
  20  1:54  Supply Depot  
  20  1:57  SCV  
  21  2:09  SCV  
  21  2:10  Factory  
  22  2:16  Refinery  
  22  2:21  SCV  
  22  2:22  Marine  
  23  2:23  Reaper  
  25  2:33  SCV  
  26  2:40  Marine  
  27  2:45  SCV  
  27  2:51  Orbital Command  
  28  2:53  Widow Mine  
  28  2:57  SCV, Starport  
  31  3:01  Marine  
  31  3:03  Marine  
  33  3:09  SCV  
  34  3:15  Widow Mine  
  34  3:18  SCV  
  37  3:20  Supply Depot  
  37  3:23  Marine x2  
  37  3:26  SCV  
  40  3:30  SCV  
  40  3:34  Medivac  
  43  3:38  SCV  
  43  3:39  Factory Tech Lab  
  44  3:42  SCV  
  44  3:43  Bunker  
  44  3:48  Marine x2  
  45  3:50  SCV  
  45  3:54  SCV  
  49  4:01  Barracks, Supply Depot  
  49  4:02  SCV  
  50  4:04  Factory Tech Lab  
  50  4:06  SCV  
  51  4:12  Raven  
  51  4:15  SCV  
  54  4:19  SCV  
  54  4:22  Marine x2  
  54  4:23  Supply Depot  
  56  4:25  Barracks  
  56  4:27  SCV  
  57  4:32  SCV  
  57  4:35  Engineering Bay  
  57  4:36  Refinery  
  58  4:40  Marine  
  58  4:41  Marine  
  58  4:42  SCV  
  61  4:46  SCV, Supply Depot  
  62  4:53  Factory Reactor  
  62  4:54  SCV  
  62  4:59  SCV  
  64  5:01  Terran Infantry Weapons Level 1  
  64  5:02  Marine x2  
  64  5:03  Stimpack, Marine  
  64  5:06  SCV, Supply Depot  
  67  5:12  SCV  
  68  5:18  SCV, Refinery  
  68  5:19  Supply Depot  
  68  5:20  Starport Reactor, Marine x2  
  68  5:21  Combat Shield, Marauder  
  73  5:23  Marine  
  74  5:32  Supply Depot, Widow Mine x2  
  74  5:34  SCV  
  79  5:38  SCV, Marine x2  
  79  5:42  Supply Depot  
  82  5:44  Marine x2  
  81  5:52  SCV  
  81  5:54  Widow Mine x2  
  81  5:56  Marine x2  
  88  5:59  Medivac x2  
  88  6:02  Supply Depot  
  92  6:05  Marauder x2  
  96  6:13  Marine  
  96  6:14  Marine  
  96  6:16  SCV  
  96  6:18  Command Center  
  99  6:23  SCV  
  100  6:26  Supply Depot, Marauder  
  100  6:29  Medivac  
  100  6:31  Marine  
  104  6:34  Medivac  
  104  6:35  SCV  
  104  6:36  SCV  
  106  6:41  Marine  
  106  6:44  Widow Mine x2  
  111  6:48  Marauder  
  111  6:50  Marine  
  111  6:51  Marauder  
  116  6:56  SCV  
  116  6:59  Marine  
  116  7:01  Supply Depot  
  109  7:10  Marine  
  109  7:11  Marauder, Marine  
  107  7:19  SCV  
  107  7:20  SCV  
  105  7:30  Barracks  
Tags
 
Add a new tag
Caveats
  • Supply blocks, unpowered buildings, or Contaminate may cause inaccurate times.
  • Supply counts are checked every 10 seconds.